Map: Automaton LE

Players

KanyeWest

  • Race: Zerg Zerg
  • League: Master
  • Spawn Location: 9:00

Lambo - Winner!

  • Race: Zerg Zerg
  • League: Grandmaster
  • Spawn Location: 3:00

VOD

Have the link to the VOD?

Description

Time

  • Played on: Dec. 27, 2018, 1:53 p.m.
  • Length: 9:24
Show
View Real Time Build Order
Export as new Build Order

KanyeWest Zerg 

Build Orders: Hatch First 

Get SALT Encoding   

  12  0:01  Drone  
  13  0:13  Overlord  
  13  0:18  Drone  
  14  0:31  Drone x2  
  16  0:50  Hatchery  
  16  0:54  Drone  
  16  0:59  Drone  
  16  1:01  Drone  
  18  1:08  Extractor  
  17  1:17  Spawning Pool  
  16  1:21  Drone  
  16  1:24  Drone  
  18  1:28  Drone  
  19  1:45  Drone  
  20  1:54  Overlord  
  20  2:03  Drone x2  
  20  2:04  Queen  
  24  2:09  Metabolic Boost  
  24  2:12  Queen  
  26  2:15  Zergling x2  
  26  2:18  Drone  
  28  2:26  Drone x2  
  30  2:36  Drone x2  
  32  2:47  Hatchery  
  32  2:48  Drone  
  32  2:54  Drone x2  
  34  2:58  Queen  
  36  3:06  Baneling Nest, Zergling x2  
  36  3:13  Overlord  
  36  3:19  Overlord  
  36  3:33  Zergling x14  
  43  3:43  Drone x2  
  45  3:50  Baneling x4  
  45  3:52  Zergling x2  
  41  4:04  Drone x4  
  43  4:10  Drone x6  
  43  4:13  Queen  
  43  4:15  Evolution Chamber  
  50  4:20  Zergling x4  
  51  4:25  Drone  
  51  4:26  Drone  
  51  4:28  Extractor  
  51  4:29  Extractor  
  51  4:37  Lair  
  51  4:38  Drone x3  
  53  4:44  Drone x2  
  53  4:45  Roach Warren  
  54  4:47  Extractor  
  54  4:48  Drone x3  
  56  4:53  Zerg Missile Weapons Level 1  
  56  4:58  Overlord  
  56  5:00  Drone  
  56  5:01  Overlord  
  57  5:07  Overlord  
  56  5:14  Drone  
  57  5:21  Drone x3  
  57  5:22  Drone x5  
  57  5:24  Overlord  
  57  5:26  Roach x2  
  69  5:30  Drone x3  
  69  5:32  Drone  
  73  5:40  Roach x3  
  79  5:47  Drone x4  
  80  5:54  Roach x3  
  80  5:55  Overlord  
  86  5:58  Glial Reconstitution  
  86  6:03  Overlord  
  86  6:12  Overlord  
  86  6:15  Roach  
  86  6:16  Roach x5  
  86  6:17  Extractor  
  97  6:19  Overlord  
  97  6:20  Overlord  
  97  6:25  Roach x2  
  101  6:30  Overlord x2  
  101  6:32  Roach x2  
  105  6:36  Ravager x4  
  105  6:37  Roach  
  105  6:38  Roach  
  113  6:45  Roach  
  113  6:46  Roach x3  
  120  6:50  Roach x3  
  120  6:54  Baneling x6  
  126  6:57  Roach  
  126  7:01  Zergling x10  
  133  7:06  Roach x2  
  137  7:09  Roach x3  
  143  7:19  Roach  
  143  7:20  Roach x2  
  145  7:25  Overlord x2  
  138  7:40  Hatchery  
  138  7:41  Roach  
  138  7:42  Roach x8  
  122  7:53  Roach x6  
  130  8:01  Roach x3  
  124  8:06  Roach x3  
  124  8:07  Roach  
  115  8:15  Roach x2  
  119  8:20  Roach  
  121  8:27  Roach  
  121  8:28  Drone  
  121  8:29  Drone x9  
  121  8:32  Extractor  
  132  8:36  Roach  
  132  8:40  Queen  
  136  8:42  Roach x3  
  136  8:44  Ravager  
  143  8:55  Ravager x2  
  145  8:56  Ravager  
  145  8:58  Roach  
  145  8:59  Overlord x2  
  148  9:04  Roach x4  
Show
View Real Time Build Order
Export as new Build Order

Lambo Zerg - Winner!

Build Orders: Hatch First, Zergling Baneling 

Get SALT Encoding   

  12  0:00  Drone  
  13  0:12  Overlord  
  13  0:17  Drone  
  14  0:31  Drone x2  
  16  0:52  Hatchery, Drone  
  16  0:55  Drone  
  17  0:58  Drone  
  18  1:10  Extractor  
  17  1:14  Spawning Pool  
  17  1:17  Drone  
  17  1:21  Drone  
  18  1:27  Drone  
  19  1:40  Drone  
  20  1:53  Overlord  
  20  2:02  Queen  
  20  2:05  Queen, Zergling x4  
  26  2:10  Metabolic Boost  
  26  2:14  Drone  
  27  2:15  Drone  
  27  2:22  Drone  
  29  2:26  Drone  
  30  2:38  Hatchery  
  30  2:42  Drone  
  30  2:47  Baneling Nest  
  30  2:48  Drone  
  30  2:51  Drone  
  31  2:56  Overlord  
  31  2:59  Drone  
  31  3:03  Drone  
  33  3:11  Zergling x6  
  36  3:15  Zergling x6  
  36  3:19  Zergling x2  
  40  3:22  Overlord  
  40  3:32  Baneling x4  
  40  3:33  Drone  
  42  3:34  Zergling x2  
  42  3:36  Overlord  
  42  3:38  Drone  
  43  3:43  Drone x2  
  43  3:47  Drone x2  
  43  3:48  Baneling  
  47  3:49  Drone  
  47  3:52  Drone  
  48  3:57  Drone x2  
  48  3:59  Drone  
  47  4:04  Drone x2  
  47  4:08  Evolution Chamber  
  47  4:11  Queen  
  47  4:12  Drone  
  47  4:16  Baneling x2  
  50  4:20  Extractor  
  50  4:21  Extractor, Zergling x6  
  51  4:26  Zergling x6  
  51  4:29  Overlord  
  51  4:31  Baneling x2  
  54  4:33  Drone  
  55  4:40  Drone x2  
  55  4:41  Drone  
  58  4:46  Drone x4  
  58  4:48  Drone  
  58  4:51  Drone x2  
  58  4:52  Overlord  
  65  4:56  Drone x2  
  67  5:02  Drone x3  
  67  5:03  Drone  
  67  5:05  Zerg Missile Weapons Level 1  
  70  5:09  Lair  
  70  5:13  Drone x3  
  73  5:16  Baneling x2  
  73  5:20  Extractor, Drone x3  
  73  5:21  Extractor  
  74  5:23  Overlord  
  74  5:25  Drone x2  
  76  5:32  Drone x4  
  76  5:34  Drone  
  80  5:37  Drone  
  81  5:43  Roach Warren  
  81  5:45  Extractor  
  81  5:46  Drone x3  
  81  5:47  Drone x2  
  83  5:53  Overlord  
  83  6:03  Overlord, Hatchery  
  82  6:06  Overlord  
  82  6:16  Overlord  
  82  6:22  Roach x9  
  82  6:23  Overseer  
  99  6:26  Glial Reconstitution  
  99  6:30  Roach x4, Evolution Chamber  
  106  6:35  Roach x3  
  106  6:36  Roach  
  106  6:38  Overlord  
  106  6:39  Overlord  
  114  6:41  Roach x2  
  118  6:47  Roach x2  
  121  6:55  Overlord  
  121  6:57  Overlord  
  121  6:58  Zerg Ground Armor Level 1  
  121  6:59  Roach x4  
  121  7:00  Ravager x4  
  133  7:01  Roach  
  133  7:02  Roach  
  133  7:06  Overlord  
  133  7:07  Ravager  
  138  7:09  Overlord  
  137  7:18  Roach x7  
  144  7:25  Roach x2  
  144  7:27  Ravager  
  144  7:28  Roach x3  
  153  7:32  Roach x3  
  154  7:38  Roach x4  
  142  7:45  Roach  
  142  7:46  Roach  
  142  7:47  Roach x3  
  142  7:50  Roach x2  
  142  7:55  Roach  
  142  7:57  Roach  
  137  8:00  Roach x3  
  127  8:10  Roach x3  
  127  8:12  Queen  
  133  8:15  Roach  
  135  8:20  Ravager  
  135  8:21  Roach  
  135  8:22  Roach x3  
  135  8:26  Roach  
  135  8:27  Roach x2  
  150  8:32  Overlord  
  150  8:33  Roach x5  
  160  8:36  Overlord  
  160  8:38  Roach x2  
  164  8:42  Ravager  
  164  8:43  Overlord  
  164  8:44  Roach x2  
  164  8:47  Overlord  
  169  8:51  Roach  
  171  8:59  Roach x5  
  171  9:01  Roach x2  
  185  9:05  Ravager  
Tags
 
Add a new tag
Caveats
  • Supply blocks, unpowered buildings, or Contaminate may cause inaccurate times.
  • Supply counts are checked every 10 seconds.